AoeStats
← SappYoda

Hill Fort

505752983Analyzed
3v3 RM · 22d ago on Sep 10, 2026· 61m 30s· 6 players
Game mode
Random Map
Map size
Normal (6 player)
Population
200
Speed
Normal
Resources
Standard
Victory
Conquest
Starting age
Dark Age
Ending age
Imperial Age
RankedLock teamsTeams togetherTeam positionsShared explorationLock speedFull tech treeHidden civsTurbo modeCheats
Victory
Defeat
🇬🇧 Vikings · United Kingdom
945
+17
🇬🇧 Mongols · United Kingdom
921
+18
🇬🇧 Bohemians · United Kingdom
824
+21
🇪🇸 Koreans · Spain
1017
-21
🇪🇸 Malians · Spain
1008
-21
🇪🇸 Berbers · Spain
848
-14
TFB Aldit0r3
10:26 Feudal Age
9:16 Loom
17:18 Castle Age
16:15 Stone Mining
16:12 Double-Bit Axe
16:43 Horse Collar
24:19 Gold Mining
26:54 Thumb Ring
26:46 Fletching
28:54 Bow Saw
31:03 Husbandry
30:40 Light Cavalry
35:42 Heavy Plow
36:15 Ballistics
36:24 Bloodlines
37:23 Gold Shaft Mining
37:24 Stone Shaft Mining
37:34 Bodkin Arrow
38:34 Scale Barding Armor
44:40 Imperial Age
44:52 Forging
45:02 Chain Barding Armor
45:23 Hussar
46:21 Murder Holes
46:57 Conscription
48:34 Wheelbarrow
47:45 Town Watch
49:51 Iron Casting
49:18 Bracer
52:45 Drill
52:21 Capped Ram
53:02 Onager
54:07 Hand Cart
53:54 Town Patrol
53:59 Nomads
54:46 Siege Ram
60:33 Siege Onager
Juun
5:29 Loom
12:33 Feudal Age
13:09 Double-Bit Axe
17:41 Fletching
17:51 Padded Archer Armor
20:47 Horse Collar
24:29 Castle Age
23:14 Gold Mining
24:35 Crossbowman
25:28 Bodkin Arrow
25:49 Leather Archer Armor
26:25 Elite Skirmisher
30:18 Gold Shaft Mining
29:33 Stone Mining
30:36 Bow Saw
36:35 Imperial Age
34:38 Ballistics
37:06 Arbalester
38:16 Town Watch
38:56 Bracer
39:36 Ring Archer Armor
40:08 Chemistry
40:42 Conscription
42:40 Fortified Wall
Blitheness
13:03 Feudal Age
24:57 Horse Collar
26:41 Double-Bit Axe
28:41 Padded Archer Armor
28:31 Fletching
33:14 Castle Age
32:36 Padded Archer Armor
33:31 Pikeman
34:12 Squires
35:14 Forging
35:06 Scale Mail Armor
34:56 Crossbowman
38:12 Ballistics
38:53 Chemistry
56:27 Wagenburg Tactics
JoseM
13:16 Feudal Age
13:42 Town Watch
17:03 Horse Collar
17:12 Double-Bit Axe
17:37 Scale Barding Armor
20:55 Forging
23:15 Bloodlines
27:20 Castle Age
30:12 Town Patrol
30:49 Wheelbarrow
31:28 Gold Mining
31:29 Stone Mining
38:40 Chain Barding Armor
38:56 Iron Casting
38:14 Fletching
38:25 Padded Archer Armor
39:18 Husbandry
42:37 Bodkin Arrow
42:58 Leather Archer Armor
SappYoda
9:12 Loom
10:58 Feudal Age
11:29 Man-at-Arms
12:37 Arson
17:43 Scale Mail Armor
27:14 Castle Age
27:26 Long Swordsman
28:07 Squires
29:07 Chain Mail Armor
33:31 Forging
38:25 Wheelbarrow
37:36 Double-Bit Axe
37:32 Horse Collar
40:50 Bow Saw
40:41 Heavy Plow
45:16 Hand Cart
46:50 Padded Archer Armor
46:44 Fletching
48:05 Leather Archer Armor
48:02 Bodkin Arrow
49:15 Bloodlines
49:10 Husbandry
50:53 Thumb Ring
51:00 Thumb Ring
escipio5
3:02 Loom
12:02 Feudal Age
12:27 Horse Collar
12:36 Double-Bit Axe
12:46 Town Watch
19:52 Castle Age
18:31 Fletching
20:41 Thumb Ring
21:09 Crossbowman
22:41 Bodkin Arrow
23:44 Bow Saw
23:41 Gold Mining
25:35 Elite Skirmisher
27:22 Town Patrol
28:42 Husbandry
29:28 Stone Mining
32:18 Heavy Plow
38:09 Imperial Age
36:23 Ballistics
38:31 Wheelbarrow
39:44 Conscription
40:01 Eupseong
41:45 Chemistry
44:05 Hand Cart
44:21 Fortified Wall
50:03 Pikeman
50:44 Squires
50:08 Elite Fire Lancer
52:06 Forging
51:56 Bracer
52:02 Scale Barding Armor
52:02 Scale Mail Armor
51:36 Elite War Wagon
58:53 Gold Shaft Mining
58:54 Stone Shaft Mining
Connection lost

Rejoining the realm…

Still unreachable

The connection could not be restored.

Session expired

The server has moved on; the page needs a fresh start.